 Dungeon Crawl Stone Soup version 0.15.0-14-g6bbbb5c (webtiles) character file.

137 Johnny the Gusty (level 4, -7/33 HPs)
             Began as a Demigod Air Elementalist on Sept 4, 2014.
             Mangled by vatarom's ghost (18 damage)
             ... on Level 3 of the Dungeon.
             The game lasted 00:07:40 (2543 turns).

Johnny the Gusty (Demigod Air Elementalist)         Turns: 2543, Time: 00:07:41

HP  -7/33        AC  3     Str 13      XL: 4   Next: 69%
MP   3/11        EV 11     Int 20      God:
Gold 100         SH  0     Dex 16      Spells:  3 memorised,  1 level left

rFire  . . .     SeeInvis .     o - +1 war axe (chop)
rCold  . . .     Clarity  .     f - +0 leather armour
rNeg   . . .     rCorr    .     (no shield)
rPois  .         rRot     .     (no helmet)
rElec  .         Spirit   .     (no cloak)
SustAb .         Warding  .     (no gloves)
rMut   .         Stasis   .     (no boots)
Gourm  .                        (no amulet)
MR     .....                    (no ring)
                                n - ring of wizardry

@: repel missiles, not resistant to hostile enchantments, unstealthy
A: no striking features
a: no special abilities


You were on level 3 of the Dungeon.
You were not hungry.

You visited 1 branch of the dungeon, and saw 3 of its levels.

You collected 100 gold pieces.

Inventory:

Hand weapons
 d - a +0 dagger
 l - a +0 dagger of electrocution
 o - a +1 war axe of chopping (weapon)
Armour
 a - a +0 robe
 f - a +0 leather armour (worn)
 h - a +0 ring mail
Magical devices
 m - a wand of slowing (10)
Scrolls
 c - a scroll of immolation
 k - a scroll of remove curse
 q - a scroll of amnesia
Jewellery
 n - a ring of wizardry (left hand)
Potions
 e - a potion of curing
 g - 2 potions of haste
 j - a potion of flight
 p - a potion of restore abilities
 r - a potion of mutation
Books
 b - a book of Air

   Spells                             Type                      Level
   *Shock                             Conjuration/Air              1
   Swiftness                          Charms/Air                   2
   *Repel Missiles                    Charms/Air                   2
   Flight                             Charms/Air                   3
   *Static Discharge                  Conjuration/Air              3
   Lightning Bolt                     Conjuration/Air              5


   Skills:
 + Level 0.3 Short Blades
 + Level 1.0 Armour
 + Level 2.2 Dodging
 + Level 2.2 Stealth
 + Level 2.4 Spellcasting
 + Level 2.0 Conjurations
 + Level 3.4 Air Magic


You had one spell level left.
You knew the following spells:

 Your Spells              Type           Power        Failure   Level  Hunger
a - Shock                 Conj/Air       ##..         2%          1    #......
b - Static Discharge      Conj/Air       ##......     7%          3    ###....
c - Repel Missiles        Chrm/Air       #.....       6%          2    ##.....


Dungeon Overview and Level Annotations

Branches:
Dungeon (3/15)

Annotations:
D:3 vatarom's ghost, experienced FoFi


Message History

Confirm with . or Enter, or press ? or * to list all spells.
Aiming: Shock
Press: ? - help, Shift-Dir - straight line, f/p - vatarom's ghost
Aim: vatarom's ghost (moderately damaged)
The zap hits vatarom's ghost.
Vatarom's ghost is moderately damaged.
Casting: Shock
Confirm with . or Enter, or press ? or * to list all spells.
Aiming: Shock
Press: ? - help, Shift-Dir - straight line, f/p - vatarom's ghost
Aim: vatarom's ghost (moderately damaged)
The zap hits vatarom's ghost.
Vatarom's ghost is moderately damaged.
You see here a quokka corpse.
You hit vatarom's ghost.
Vatarom's ghost is heavily damaged.
Vatarom's ghost hits you but does no damage.
You are electrocuted!
Vatarom's ghost hits you!
You are electrocuted!
Ouch! That really hurt!
You die...

### #.. #(# #.#
##.##### #......#
#..###.###########
#..# #.(..........
##..#
####@###.###.
##...# #W## #....#
#..##.###.# ##...#
#....%..... #....#
#..##.###.# #.#.##
#... # #.#.# (.[..
#.#.# .......
#.#.# .#.......


You could see vatarom's ghost.

Vanquished Creatures
  A centaur skeleton (D:3)
  5 adders (D:2)
  An inept item mimic (D:2)
  A worm (D:3)
  4 oozes
  A ball python (D:1)
  2 bats (D:2)
  2 giant cockroaches (D:2)
  4 goblins
  3 hobgoblins (D:2)
  4 jackals (D:2)
  7 kobolds
  A quokka (D:3)
  4 giant newts
  7 rats
47 creatures vanquished.

Notes
Turn   | Place    | Note
--------------------------------------------------------------
     0 | D:1      | Johnny, the Demigod Air Elementalist, began the quest for the Orb.
     0 | D:1      | Reached XP level 1. HP: 14/14 MP: 3/3
     0 | D:1      | Noticed a jelly
     3 | D:1      | Noticed a jelly
   353 | D:1      | Reached skill level 3 in Air Magic
   640 | D:1      | Reached XP level 2. HP: 20/20 MP: 1/4
   699 | D:2      | Reached skill level 1 in Conjurations
   960 | D:2      | Reached XP level 3. HP: 22/26 MP: 0/7
   977 | D:2      | Learned a level 3 spell: Static Discharge
  1074 | D:2      | HP: 1/26 [poisoned by an adder]
  1837 | D:2      | Found a bloodstained altar of Trog.
  2096 | D:2      | Reached XP level 4. HP: 33/33 MP: 7/10
  2215 | D:2      | Learned a level 2 spell: Repel Missiles
  2374 | D:3      | Reached skill level 1 in Armour
  2533 | D:3      | Noticed vatarom's ghost (experienced FoFi)
  2543 | D:3      | Mangled by vatarom's ghost

Action                   |  1- 3 |  4- 6 || total
-------------------------+-------+-------++-------
Melee: Dagger            |    63 |       ||    63
       War axe           |       |    12 ||    12
 Cast: Shock             |    61 |    44 ||   105
       Static Discharge  |     5 |     1 ||     6
       Repel Missiles    |       |     1 ||     1
Evoke: Wand              |       |     1 ||     1
  Use: Scroll            |     4 |     4 ||     8
  Eat: Chunk             |     2 |       ||     2
       Bread ration      |     1 |       ||     1
